 Dungeon Crawl Stone Soup version 0.26-a0-665-gefeb406119 (webtiles) character file.

Game seed: 4013381215519149414

83 Ijustatesigmund the Sneak (level 4, -8/24 HPs)
             Began as a Spriggan Delver on Oct 14, 2020.
             Was a Follower of Dithmenos.
             Mangled by a worm (12 damage)
             ... on level 2 of the Dungeon.
             The game lasted 00:04:03 (1380 turns).

Ijustatesigmund the Sneak (Spriggan Delver)         Turns: 1380, Time: 00:04:03

Health: -8/24      AC:  2    Str:  8    XL:     4   Next: 22%
Magic:  6/6        EV: 19    Int: 12    God:    Dithmenos [*.....]
Gold:   147        SH:  0    Dex: 17    Spells: 3/3 levels left

rFire    . . .     SeeInvis +   a - +0 short sword
rCold    . . .     Faith    .   (shield restricted)
rNeg     . . .     Spirit   .   b - +0 robe
rPois    .         Reflect  .   (helmet restricted)
rElec    .         Harm     .   (no cloak)
rCorr    .         Rampage  .   (gloves unavailable)
MR       .....                  (boots unavailable)
Stlth    ++++......             (no amulet)
HPRegen  0.08/turn              (no ring)
MPRegen  0.10/turn              (no ring)

@: wreathed by umbra, very quick
A: very small, unfitting armour, see invisible, speed 3
a: Renounce Religion


You were on level 2 of the Dungeon.
You worshipped Dithmenos.
Dithmenos was aware of your devotion.
You visited 2 branches of the dungeon, and saw 6 of its levels.

You collected 147 gold pieces.

Inventory:

Hand Weapons
 a - a +0 short sword (weapon)
Armour
 b - a +0 robe (worn)
Jewellery
 k - a cursed ring of teleportation {unknown}
Wands
 g - a wand of digging (3)
Scrolls
 c - 2 scrolls of fog
 d - 2 scrolls of magic mapping
 e - 4 scrolls of fear
 l - 2 scrolls of remove curse {unknown}
 m - 2 scrolls of blinking
 n - a scroll of identify
Potions
 f - a potion of haste
 h - 2 potions of heal wounds
 i - a potion of magic {unknown}
 j - 5 potions of curing


   Skills:
 + Level 3.0 Fighting
 + Level 3.1 Short Blades
 + Level 4.1 Dodging
 - Level 7.2 Stealth
 + Level 1.7 Invocations


You had 3 spell levels left.
You didn't know any spells.
Your spell library was empty.

Dungeon Overview and Level Annotations

Branches:
Dungeon (5/15)             Temple (1/1) D:4

Altars:
Ashenzari
Cheibriados
Dithmenos
Fedhas
Hepliaklqana
Kikubaaqudgha
Makhleb
Ru
Sif Muna
Xom
Yredelemnul

Annotations:
D:2 Sigmund


Innate Abilities, Weirdness & Mutations

You are very small and have problems with some larger weapons.
You are too small for most types of armour.
You have supernaturally acute eyesight. (SInv)
You cover ground extremely quickly.


Message History

A worm is nearby!
The worm misses you.
You hit the worm.
The worm is lightly wounded.
You hit the worm but do no damage.
The worm is lightly wounded.
The worm misses you.
You hit the worm but do no damage. You hit the worm but do no damage.
The worm completely misses you.
You hit the worm.
The worm is lightly wounded.
You hit the worm.
The worm is moderately wounded.
The worm bites you.
* * * LOW HITPOINT WARNING * * *
You hit the worm.
The worm is heavily wounded.
The worm bites you!
Ouch! That really hurt!
You die...

#########.#...# #.#####
#.# ...#.#####.#...# #.#
#.#.............# #.#
#...#.##.####...######.#
##.##.# ##.........#
#.##.#############.#
#............#####.#
####.####.....†w..(#
#.@w..<....######
######...(. #.....
#....#. .....#. .... ..
.... ..


You could see a worm.

Vanquished Creatures
  An iguana (D:3)
  2 adders (D:2)
  A worm (D:2)
  A dart slug (D:1)
  3 leopard geckos (D:1)
  A ball python (D:1)
  3 bats
  5 goblins
  2 hobgoblins (D:2)
  3 jackals (D:1)
  A quokka (D:3)
  3 frilled lizards (D:1)
  4 kobolds
  A rat (D:2)
31 creatures vanquished.

Notes
Turn   | Place    | Note
-------+----------+-------------------------------------------
     0 | D:5      | Ijustatesigmund the Spriggan Delver began the quest for the
                  | Orb.
     0 | D:5      | Reached XP level 1. HP: 11/11 MP: 2/2
    11 | D:4      | Found a staircase to the Ecumenical Temple.
    20 | Temple   | Entered the Ecumenical Temple
   147 | Temple   | Became a worshipper of Dithmenos the Shadowed
   166 | D:4      | Noticed a worker ant
   168 | D:4      | Noticed an orc priest
   177 | D:4      | Found a shimmering altar of Xom.
   198 | D:3      | Noticed an iguana
   203 | D:3      | Killed an iguana
   203 | D:3      | Reached skill level 1 in Invocations
   203 | D:3      | Reached XP level 2. HP: 16/16 MP: 3/3
   321 | D:1      | Reached XP level 3. HP: 19/19 MP: 4/4
  1138 | D:2      | Reached * piety under Dithmenos
  1172 | D:2      | Noticed Sigmund
  1292 | D:2      | Reached XP level 4. HP: 19/23 MP: 6/6
  1380 | D:2      | Mangled by a worm

Illustrated notes

Levels and vault maps discovered:
D:1:      dpeg_arrival_rhombi, layout_loops_ring
D:2:      minmay_spotlight, layout_loops_ring, grunt_qazlal_clouds, uniq_sigmund
D:3:      layout_basic
D:4:      layout_cave_pools, lemuel_crystal_altar, kennysheep_mini,
          okawaru_metal_pillars_1_2, minmay_temple_entry_statues_fountains
D:5:      layout_basic, marbit_many_paths, kennysheep_generic_room_3
Temple:   compressed_dpeg_circular_temple

Skill      XL: |  1  2  3  4 |
---------------+-------------+-----
Invocations    | 1 |  1.7
Short Blades   | 3 |  3.1
Dodging        | 4 |  4.1
Fighting       | 3 |  3.0
Stealth        | |  7.2

Action                   |  1- 3 |  4- 6 || total
-------------------------+-------+-------++-------
Melee: Short sword       |    60 |    38 ||    98
  Use: Scroll            |     3 |       ||     3
 Stab: Sleeping          |    12 |       ||    12
       Distracted        |     1 |       ||     1
Armor: Robe              |     1 |     1 ||     2
Dodge: Dodged            |    28 |    30 ||    58

Table legend: (Time is in decaauts)
 A = Elapsed time spent in this place.
 B = Non-inter-level travel time spent in this place.
 C = Inter-level travel time spent in this place.
 D = Time resting spent in this place.
 E = Time spent auto-exploring this place.
 F = Levels seen in this place.
 G = Mean time per level.
                   A        B        C        D        E       F      G
               +--------+--------+--------+--------+--------+-----+--------+
         Total |    927 |    840 |     87 |     62 |    551 |   6 |  154.5 |
       Dungeon |    840 |    785 |     55 |     62 |    496 |   5 |  168.0 |
        Temple |     87 |     56 |     31 |      0 |     55 |   1 |   87.0 |
               +--------+--------+--------+--------+--------+-----+--------+

Top non-repeatable levels by time:
     D:1: 515 daAuts
     D:2: 270 daAuts
  Temple: 87 daAuts
     D:4: 27 daAuts
     D:3: 19 daAuts
     D:5: 7 daAuts
